 Dungeon Crawl Stone Soup version 0.25-a0-949-gdd2af9e06e (webtiles) character file.

Game seed: 7426287025119463445, levelgen mode: deterministic

4791 Chiseanne the Covered (level 10, -5/76 HPs)
             Began as a Demonspawn Wanderer on May 8, 2020.
             Was an Initiate of Gozag.
             Slain by a two-headed ogre
             ... wielding a +0 giant spiked club
              (14 damage)
             ... on level 9 of the Dungeon.
             The game lasted 00:33:02 (7173 turns).

Chiseanne the Covered (Demonspawn Wanderer)         Turns: 7173, Time: 00:33:02

Health: -5/76      AC:  9    Str: 15    XL:     10   Next: 24%
Magic:  14/14      EV: 17    Int: 10    God:    Gozag
Gold:   528        SH:  6    Dex: 14    Spells: 14/14 levels left

rFire    . . .     SeeInvis .   t - +3 scimitar (freeze)
rCold    + + +     Gourm    .   d - +1 buckler
rNeg     . . .     Faith    .   n - +2 ring mail of Entitlement {+Blink rPois rC++ Int-3}
rPois    +         Spirit   .   (helmet restricted)
rElec    .         Reflect  .   B - +0 cloak
rCorr    +         Harm     .   (no gloves)
MR       .....                  (no boots)
Stlth    +.........             (no amulet)
HPRegen  0.22/turn              o - ring of resist corrosion
MPRegen  0.14/turn              (no ring)

@: lightly drained
A: horns 2, repulsion field 2, cold resistance 1, rot immunity, freezing cloud
immunity
a: Potion Petition, Call Merchant, Bribe Branch, Renounce Religion, Evoke Blink


You were on level 9 of the Dungeon.
You worshipped Gozag.
Gozag was pleased with you.
You were not hungry.

You visited 2 branches of the dungeon, and saw 10 of its levels.
You also visited: Sewer and Ossuary.

You collected 605 gold pieces.
You paid 77 gold pieces to Gozag.

Inventory:

Hand Weapons
 a - a +2 short sword of speed
 g - a +0 flail of protection
 p - a +2 dagger of venom
 r - a +2 antimagic whip
 s - a +2 vampiric rapier
 t - a +3 scimitar of freezing (weapon)
Missiles
 h - 33 sling bullets
 m - 43 poisoned darts (quivered)
 w - 40 bolts
 C - 24 arrows
Armour
 d - a +1 buckler (worn)
 n - the +2 ring mail of Entitlement (worn) {+Blink rPois rC++ Int-3}
   (You found it on level 5 of the Dungeon)

   It affects your intelligence (-3).
   It greatly protects you from cold.
   It protects you from poison.
   It lets you blink.
 B - a +0 cloak (worn)
Jewellery
 o - a ring of resist corrosion (left hand)
Wands
 u - a wand of flame (17)
 A - a wand of polymorph (8)
Scrolls
 c - 2 scrolls of magic mapping
 e - 5 scrolls of remove curse
 q - 3 scrolls of fog
 x - a scroll of enchant armour
 y - a scroll of immolation
Potions
 b - a potion of haste
 i - 7 potions of stabbing
 j - 3 potions of curing
 k - 2 potions of brilliance
 l - 3 potions of heal wounds
 z - a potion of flight
Comestibles
 f - 6 rations


   Skills:
 * Level 6.0(5.8) Fighting
 - Level 4.0(3.9) Short Blades
 * Level 7.0(6.8) Armour
 - Level 6.5(6.3) Dodging
 - Level 2.1(2.0) Stealth
 * Level 6.2(6.1) Shields
 - Level 2.8(2.7) Spellcasting
   Level 1.0(0.8) Charms
   Level 1.7(1.6) Air Magic
 * Level 2.0(1.9) Evocations


You had 14 spell levels left.
You didn't know any spells.
Your spell library contained the following spells:

 Spells                   Type           Power        Failure   Level  Hunger
 Shock                    Conj/Air       #...         36%         1    ##.....
 Swiftness                Chrm/Air       #.......     43%         2    ###....
 Corona                   Hex            #......      45%         1    ##.....
 Foxfire                  Conj/Fire      #...         45%         1    ##.....
 Magic Dart               Conj           #...         45%         1    ##.....
 Blink                    Tloc           N/A          61%         2    ###....
 Call Imp                 Summ           #.......     61%         2    ###....
 Ensorcelled Hibernation  Hex/Ice        #.....       61%         2    ###....
 Slow                     Hex            #.......     61%         2    ###....
 Static Discharge         Conj/Air       #.......     73%         3    ####...
 Mephitic Cloud           Conj/Pois/Air  #.......     77%         3    ####...
 Confusing Touch          Hex            #.......     83%         3    ####...
 Conjure Flame            Conj/Fire      #.......     83%         3    ####...
 Dazzling Flash           Conj/Hex       #.....       83%         3    ####...
 Inner Flame              Hex/Fire       #.......     83%         3    ####...
 Tukima's Dance           Hex            #.......     83%         3    ####...
 Airstrike                Air            #.........   95%         4    #####..
 Lightning Bolt           Conj/Air       #.........   100%        5    ######.


Dungeon Overview and Level Annotations

Branches:
Dungeon (9/15)             Temple (1/1) D:7           Sewer (visited)
Ossuary (visited)
   Lair: D:8-11         Orc: D:9-12

Altars:
Ashenzari
Dithmenos
Elyvilon
Fedhas
Gozag
Hepliaklqana
Kikubaaqudgha
Makhleb
Nemelex Xobeh
Okawaru
Qazlal
Ru
Sif Muna
Trog
Uskayaw
Vehumet
Xom
Zin
The Shining One

Shops:
D:6 (   D:7 :


Innate Abilities, Weirdness & Mutations

You have a pair of horns on your head.
You are surrounded by a moderate repulsion field. (EV +3)
Your flesh is cold resistant. (rC+)
You are immune to rotting.
You are immune to freezing clouds.


Message History

The two-headed ogre hits you with a +0 giant club!
You hit the two-headed ogre. You freeze the two-headed ogre.
You headbutt the two-headed ogre.
The two-headed ogre is heavily wounded.
The two-headed ogre hits you with a +0 giant spiked club!
You block the two-headed ogre's attack.
You hit the two-headed ogre. You freeze the two-headed ogre.
You headbutt the two-headed ogre, but do no damage.
The two-headed ogre is severely wounded.
The two-headed ogre hits you with a +0 giant spiked club!!
* * * LOW HITPOINT WARNING * * *
The two-headed ogre misses you.
You slash the two-headed ogre! You freeze the two-headed ogre.
The two-headed ogre is almost dead.
You barely miss the two-headed ogre.
Your headbutt misses the two-headed ogre.
The two-headed ogre is almost dead.
The two-headed ogre hits you with a +0 giant spiked club!
You die...
Your body crumbles into a pile of gold.

#.(..........#
#........(...#
#..........!.#
#.........# #.........#
#####.......))#
#.......#####Z+
#.......#...#O#
###.......#...#@###
#.........#...#...#
#######...#...#...#
#...#...#...#
#...#...'...#
#...###'#...#
#...........########
#..................####+
#.........!.............


You could see a two-headed ogre and a centaur zombie.

Vanquished Creatures
  2 two-headed ogres (D:8)
  Sigmund (D:6)
  A wraith (D:8)
  Grum (D:7)
  Duvessa (D:6)
  An ice beast (D:9)
  4 ogres
  A sky beast (D:6)
  An eye of draining (D:5)
  A necrophage (D:8)
  A phantom (D:5)
  4 wolves
  2 big kobolds
  An elf zombie (Ossuary)
  2 bullfrogs (D:8)
  A water moccasin zombie (D:9)
  Dowan (D:6)
  A scorpion (D:4)
  6 wights
  An electric eel (D:9)
  3 hounds
  A human zombie (Ossuary)
  7 orc wizards
  2 centaur zombies (Ossuary)
  3 orc priests
  4 iguanas
  8 worker ants
  A killer bee zombie (D:8)
  2 big kobold zombies (Ossuary)
  A hound skeleton (D:3)
  A worker ant zombie (D:6)
  3 mummies
  A gnoll (D:5)
  A howler monkey skeleton (D:7)
  4 adders
  2 shadow imps
  2 oozes
  2 adder skeletons
  2 adder zombies (Ossuary)
  A worm (D:4)
  A dart slug (D:1)
  35 orcs
  4 ball pythons
  6 bats
  7 giant cockroaches
  4 goblins
  3 hobgoblins
  3 jackals (D:7)
  A quokka (D:4)
  5 frilled lizards
  12 hobgoblin zombies
  2 jackal zombies (Ossuary)
  21 kobolds
  7 kobold zombies (Ossuary)
  10 orc zombies (Ossuary)
  A rat (D:3)
207 creatures vanquished.

Vanquished Creatures (others)
  2 orc wizards
2 creatures vanquished.

Grand Total: 209 creatures vanquished

Notes
Turn   | Place    | Note
-------+----------+-------------------------------------------
     0 | D:1      | Chiseanne the Demonspawn Wanderer began the quest for the
                  | Orb.
     0 | D:1      | Chiseanne set off with the following items: a +0 dagger, a
                  | potion of lignification, a +0 robe, a ration; and the
                  | following spells available to memorise: Shock, Swiftness,
                  | Foxfire, Static Discharge, Inner Flame, Airstrike,
                  | Lightning Bolt
     0 | D:1      | Reached XP level 1. HP: 13/13 MP: 3/3
   275 | D:1      | Gained mutation: You have a pair of small horns on your
                  | head. [demonic ancestry]
   275 | D:1      | Reached XP level 2. HP: 19/19 MP: 5/5
   325 | D:2      | Found an iron altar of Okawaru.
   464 | D:3      | Reached skill level 1 in Armour
   488 | D:3      | Gained mutation: You are surrounded by a mild repulsion
                  | field. (EV +2) [demonic ancestry]
   488 | D:3      | Reached XP level 3. HP: 19/24 MP: 6/6
   504 | D:3      | Gained mutation: Your flesh is cold resistant. (rC+)
                  | [demonic ancestry]
   504 | D:3      | Reached XP level 4. HP: 20/30 MP: 7/7
   558 | D:3      | Found a glowing drain.
   580 | D:3      | Reached skill level 2 in Armour
   724 | Sewer    | Entered a sewer
  1002 | Sewer    | Noticed a big kobold
  1022 | Sewer    | Killed a big kobold
  1022 | Sewer    | Gained mutation: You are immune to freezing clouds.
                  | [demonic ancestry]
  1022 | Sewer    | Reached XP level 5. HP: 13/35 MP: 7/9
  1918 | D:4      | Reached skill level 3 in Armour
  1918 | D:4      | Gained mutation: You have a pair of horns on your head.
                  | [demonic ancestry]
  1918 | D:4      | Reached XP level 6. HP: 25/41 MP: 10/10
  1925 | D:4      | Reached skill level 1 in Shields
  2739 | D:5      | Entered Level 5 of the Dungeon
  2804 | D:5      | Reached XP level 7. HP: 22/46 MP: 11/11
  2929 | D:5      | Found a sand-covered staircase.
  2937 | Ossuary  | Entered an ossuary
  3307 | Ossuary  | Reached skill level 4 in Armour
  3848 | D:5      | Got a crude ring mail
  3869 | D:5      | Identified the +2 ring mail of Entitlement {+Blink rPois
                  | rC++ Int-3} (You found it on level 5 of the Dungeon)
  3970 | D:5      | Found a shattered altar of Ashenzari.
  3985 | D:5      | Found a bloodstained altar of Trog.
  4006 | D:5      | Reached skill level 1 in Fighting
  4006 | D:5      | Reached XP level 8. HP: 54/54 MP: 0/12
  4082 | D:6      | Noticed Duvessa
  4092 | D:6      | Noticed Dowan
  4095 | D:6      | Killed Duvessa
  4104 | D:6      | Killed Dowan
  4205 | D:6      | Noticed Sigmund
  4322 | D:6      | Killed Sigmund
  4322 | D:6      | Reached skill level 5 in Armour
  4902 | D:6      | Reached skill level 5 in Dodging
  4972 | D:6      | Found Vulirin's Weapon Shoppe.
  4999 | D:6      | Found an ancient bone altar of Kikubaaqudgha.
  5029 | D:7      | Found Wengi's Book Boutique.
  5178 | D:7      | Found a hazy altar of Hepliaklqana.
  5197 | D:7      | Found a burning altar of Makhleb.
  5208 | D:7      | Found a bloodstained altar of Trog.
  5229 | D:7      | Found a staircase to the Ecumenical Temple.
  5267 | Temple   | Entered the Ecumenical Temple
  5321 | Temple   | Became a worshipper of Gozag Ym Sagoz the Greedy
  5685 | D:8      | Noticed Grum
  5717 | D:7      | Gained mutation: You are immune to rotting. [demonic
                  | ancestry]
  5717 | D:7      | Reached XP level 9. HP: 55/64 MP: 13/13
  5896 | D:7      | Killed Grum
  5989 | D:8      | Found a hide-covered altar of Uskayaw.
  6026 | D:8      | Noticed a two-headed ogre
  6043 | D:8      | Killed a two-headed ogre
  6043 | D:8      | Reached skill level 6 in Armour
  6043 | D:8      | Reached skill level 5 in Shields
  6114 | D:8      | Reached skill level 5 in Fighting
  6174 | D:8      | Noticed a two-headed ogre
  6220 | D:8      | Killed a two-headed ogre
  6220 | D:8      | Gained mutation: You are surrounded by a moderate repulsion
                  | field. (EV +3) [demonic ancestry]
  6220 | D:8      | Reached XP level 10. HP: 47/74 MP: 14/14
  6722 | D:8      | Found a stormy altar of Qazlal.
  6722 | D:8      | Found a shadowy altar of Dithmenos.
  6722 | D:8      | Found a glowing silver altar of Zin.
  7120 | D:9      | Reached skill level 7 in Armour
  7149 | D:9      | Noticed a two-headed ogre
  7173 | D:9      | Slain by a two-headed ogre

Levels and vault maps discovered:
D:1:      dpeg_arrival_short_road, layout_basic
D:2:      layout_basic, nicolae_overflow_crystal_walls, first_ration
D:3:      layout_loops_ring, gammafunk_temple_overflow_pools,
          gup_sewer_entry_glass
D:4:      layout_loops_cross
D:5:      layout_gridville, lemuel_doored_altar, nicolae_ossuary_entry_giza,
          trog_eyes_of_draining
D:6:      layout_basic, overflow_temple_1_default, serial_shops,
          nicolae_shop_stone, uniq_duvessa, uniq_sigmund
D:7:      layout_basic, overflow_temple_1_default, kennysheep_mini,
          kennysheep_little_box, minmay_temple_entry_statues_pillars,
          serial_shops, nicolae_shop_window_shopping,
          gammafunk_ghost_necromancy, grunt_livestock, kennysheep_generic_room_2
D:8:      layout_basic, gammafunk_temple_overflow_claw,
          eat_drink_and_be_merry_uskayaw, uniq_grum
D:9:      layout_irregular_city, cheibrodos_worm_habitat, lightli_minifort
Temple:   compressed_dpeg_triangle_lava_temple

Skill      XL: |  1  2  3  4  5  6  7  8  9 10 |
---------------+-------------------------------+-----
Short Blades   | 2 3 4 |  4.0
Armour         | 1 2 3 4 5 6 7 |  7.0
Dodging        | 2 3 5 6 |  6.5
Stealth        | 2 |  2.1
Shields        | 1 3 4 5 6 |  6.2
Fighting       | 1 3 5 6 |  6.0
Evocations     | 2 |  2.0
Spellcasting   | |  2.8
Charms         | |  1.0
Air Magic      | |  1.7

Action                   |  1- 3 |  4- 6 |  7- 9 | 10-12 || total
-------------------------+-------+-------+-------+-------++-------
Melee: Dagger            |    12 |       |       |       ||    12
       Short sword       |    37 |   222 |   232 |    73 ||   564
       Headbutt          |     6 |    28 |    99 |    26 ||   159
       Rapier            |       |       |   277 |     2 ||   279
       Scimitar          |       |       |       |    41 ||    41
Throw: Dart              |       |     9 |    78 |    35 ||   122
Evoke: Wand              |       |       |       |     6 ||     6
  Use: Scroll            |       |     9 |    13 |     3 ||    25
       Potion            |       |     1 |     4 |       ||     5
 Stab: Sleeping          |       |     1 |     1 |       ||     2
       Distracted        |       |       |     1 |       ||     1
  Eat: Chunk             |       |     5 |     6 |       ||    11
       Ration            |       |       |     3 |       ||     3
Armor: Ring mail         |    21 |    25 |    64 |    19 ||   129
       Skin              |       |     8 |       |       ||     8
       Scale mail        |       |     8 |    35 |       ||    43
Dodge: Dodged            |    25 |   111 |   251 |    72 ||   459
Block: Buckler           |       |    10 |    94 |    30 ||   134
       Rpst.: Scimitar   |       |       |       |     5 ||     5

Table legend:
 A = Non-vault XP
 B = Vault XP
 C = Vault XP percentage of total XP
 D = Non-vault monster count
 E = Vault monster count
 F = Vault count percentage of total count
                 A         B        C        D         E       F
            +---------+---------+-------+---------+---------+-------
      Total |    5039 |    1806 |  26.4 |     125 |      84 |  40.2
            +---------+---------+-------+---------+---------+-------
        D:1 |      20 |       0 |   0.0 |       8 |       0 |   0.0
        D:2 |       6 |       0 |   0.0 |       4 |       0 |   0.0
        D:3 |     179 |      22 |  10.9 |      26 |       5 |  16.1
        D:4 |     267 |       0 |   0.0 |      12 |       0 |   0.0
        D:5 |     448 |     154 |  25.6 |       9 |       6 |  40.0
        D:6 |     571 |     456 |  44.4 |      21 |       3 |  12.5
        D:7 |      59 |     444 |  88.3 |       5 |       5 |  50.0
        D:8 |    2953 |     230 |   7.2 |      29 |       2 |   6.5
        D:9 |     536 |       0 |   0.0 |      11 |       0 |   0.0
      Sewer |       0 |     143 | 100.0 |       0 |      24 | 100.0
    Ossuary |       0 |     357 | 100.0 |       0 |      39 | 100.0
            +---------+---------+-------+---------+---------+-------
